 Dungeon Crawl Stone Soup version 0.19.1 (webtiles) character file.

26341 schauveau the Basher (level 13, -1/80 HPs)
             Began as a Gargoyle Fighter on Dec 26, 2016.
             Was a High Priest of Makhleb.
             Splashed by an acid blob's acid (8 damage)
             ... on level 5 of the Lair of Beasts.
             The game lasted 00:49:33 (16241 turns).

schauveau the Basher (Gargoyle Fighter)            Turns: 16241, Time: 00:49:36

Health: -1/80      AC: 26    Str: 25    XL:     13   Next: 25%
Magic:  16/16      EV:  8    Int:  9    God:    Makhleb [*****.]
Gold:   1281       SH: 13    Dex: 11    Spells: 0 memorised, 12 levels left

rFire  + . .     SeeInvis .     a - +0 morningstar
rCold  . . .     Gourm    .     Y - +3 plate armour
rNeg   + . .     Faith    .     c - +0 shield
rPois  ∞         Spirit   .     G - +1 helmet
rElec  +         Reflect  .     Z - +1 cloak
rCorr  .         Harm     .     k - +0 pair of gloves
MR     .....                    (no boots)
Stlth  ..........               d - amulet of regeneration
                                (no ring)
                                A - ring of protection from fire

@: corroded, very slightly contaminated
A: molten scales 1, agile 1, negative energy resistance 1, electricity
resistance, unbreathing, petrification resistance, rot immunity, AC +9
a: Minor Destruction, Lesser Servant of Makhleb, Major Destruction, Greater
Servant of Makhleb, Renounce Religion


You were on level 5 of the Lair of Beasts.
You worshipped Makhleb.
Makhleb was extremely pleased with you.
You were hungry.

You visited 4 branches of the dungeon, and saw 20 of its levels.

You collected 1424 gold pieces.
You spent 143 gold pieces at shops.

Inventory:

Hand Weapons
 a - a +0 morningstar (weapon)
 g - a +0 blowgun
 m - a +2 halberd of venom
 u - a +2 whip of electrocution
 S - a +1 flail of draining
 T - a +2 war axe of electrocution
Missiles
 i - 7 steel javelins (quivered)
 l - 2 exploding tomahawks
 z - 78 poisoned needles
 L - 2 poisoned tomahawks
Armour
 c - a +0 shield (worn)
 k - a +0 pair of gloves (worn)
 G - a +1 helmet (worn)
 Y - a +3 plate armour (worn)
 Z - a +1 cloak (worn)
Jewellery
 d - an amulet of regeneration (around neck)
 h - an uncursed ring of fire
 q - an uncursed amulet of guardian spirit
 v - a +2 ring of evasion
 x - a +6 amulet of reflection
 A - a ring of protection from fire (left hand)
 E - an uncursed ring of positive energy
 K - an uncursed ring of magical power
 V - an uncursed amulet of rage
Wands
 t - a wand of flame (34/48)
 J - a wand of lightning (15/15)
 P - a wand of iceblast (11/15)
 Q - a wand of paralysis (16/24)
 U - a wand of enslavement (7/24)
 W - a wand of paralysis (15/24)
Scrolls
 e - 3 scrolls of teleportation
 y - 4 scrolls of remove curse
 B - 5 scrolls of recharging
 I - 2 scrolls of identify
 M - 3 scrolls of enchant weapon
 N - 3 scrolls of blinking
 O - a scroll of magic mapping
Potions
 b - 5 potions of curing
 r - a potion of ambrosia
 w - a potion of brilliance
 D - 3 potions of might
 H - 2 potions of magic
 R - a potion of resistance
Books
 F - the Handbook of Cold and Boosts
   (You found it on level 4 of the Lair of Beasts)

   Spells                             Type                      Level
   a - Infusion                       Charms                       1
   b - Freeze                         Ice                          1
   c - Ensorcelled Hibernation        Hexes/Ice                    2
   d - Regeneration                   Charms/Necromancy            3
   e - Excruciating Wounds            Charms/Necromancy            5
   f - Ring of Flames                 Charms/Fire                  7
Comestibles
 f - 5 bread rations
 j - 3 slices of pizza
 n - a royal jelly
 o - 21 fruits
 p - 3 beef jerkies
 s - 12 meat rations


   Skills:
 - Level 9.4 Fighting
 * Level 14.5 Maces & Flails
 + Level 8.9 Armour
 - Level 3.1 Dodging
 + Level 11.8 Shields
 + Level 5.0 Invocations


You had 12 spell levels left.
You didn't know any spells.

Dungeon Overview and Level Annotations

Branches:
Dungeon (12/15)            Temple (1/1) D:6            Lair (5/6) D:11
 Shoals (0/4) Lair:2        Snake (0/4) Lair:3        Slime (0/5) Lair:5
    Orc (2/2) D:11            Elf (0/3) Orc:2

Altars:
Ashenzari
Cheibriados
Dithmenos
Elyvilon
Fedhas
Gozag
Hepliaklqana
Kikubaaqudgha
Makhleb
Nemelex Xobeh
Okawaru
Qazlal
Ru
Sif Muna
Trog
Uskayaw
Vehumet
Xom
Yredelemnul
Zin
The Shining One
Jiyva

Shops:
D:4 [   D:5 *

Annotations:
D:10 Josephine, Sonja
Lair:1 exclusion: oklob plant
Orc:2 Erolcha


Innate Abilities, Weirdness & Mutations

You are resistant to torment.
Your stone body is resilient. (AC +9)
You are immune to poison.
You resist negative energy. (rN+)
You are resistant to electric shocks. (rElec)
You can survive without breathing.
You are immune to petrification.
You are immune to rotting.
You are partially covered in molten scales. (AC +2)
You are agile. (Dex +2)


Message History

You are too injured to fight recklessly!
You feel much better. The acid blob hits you!
You are splashed with acid!
The acid burns!
* * * LOW HITPOINT WARNING * * *
You impale the acid blob!!
Your hands burn!
* * * LOW HITPOINT WARNING * * *
The acid blob is moderately wounded.
The acid blob hits you.
* * * LOW HITPOINT WARNING * * *
You are splashed with acid!
The acid burns!
* * * LOW HITPOINT WARNING * * *
Blink to where?
Press: ? - help, Dir - move target cursor You are very lightly contaminated with residual magic.
As you read the scroll of blinking, it crumbles to dust.
The acid blob spits acid at you. The splash of acid hits you!
* * * LOW HITPOINT WARNING * * *
The acid corrodes you!
You are splashed with acid!
The acid burns!
You die...

### ###### ## ###P#
###.##P# ##P##...#
##......#### #......##
#.......##.# ##......##
##......#.## #P.......#
#......@.#.# ##.......##
#.......+..###........#.
##......##..##..........
#.#.P'###..............#
###...# ##.#.§J.........
#....P# ######.....#.##
##....### ####....8.
#..###..# ###....
##.########## ### #8.>.


You could see an acid blob.

Vanquished Creatures
  Harold (Lair:2)
  4 hydras
  Urug (Lair:2)
  An orc knight (Orc:1)
  A manticore (Lair:2)
  An orc sorcerer (Orc:1)
  4 elephants (Lair:3)
  6 spiny frogs
  2 rime drakes
  2 komodo dragons
  A two-headed ogre (Lair:1)
  A polar bear (Lair:3)
  4 trolls
  Prince Ribbit (Lair:2)
  7 blink frogs
  7 hippogriffs
  A slime creature (D:11)
  A shadow (Lair:1)
  15 yaks
  A spriggan (D:10)
  7 wyverns
  A basilisk (Lair:5)
  6 wargs
  12 water moccasins
  6 porcupines
  18 orc warriors
  An ice beast (D:9)
  2 sky beasts
  A phantom (D:6)
  A necrophage (D:7)
  2 ogres
  2 black bears
  10 wolves
  4 crocodiles
  3 big kobolds
  9 bullfrogs
  2 wyvern skeletons
  A scorpion (D:4)
  A water moccasin skeleton (D:5)
  4 killer bees (D:9)
  5 wights (D:7)
  A howler monkey (D:9)
  2 electric eels
  A centaur zombie (D:8)
  3 crimson imps
  A bullfrog skeleton (D:11)
  5 hounds
  A jelly (D:8)
  11 orc priests
  11 orc wizards
  An iron imp (D:8)
  Crazy Yiuf (D:2)
  6 iguanas
  6 worker ants
  3 hound skeletons
  A howler monkey skeleton (D:8)
  4 gnolls
  8 adders
  4 river rats (Lair:3)
  A shadow imp (D:10)
  3 oozes
  2 adder skeletons
  5 worms
  A dart slug (D:1)
  7 leopard geckos
  60 orcs
  2 giant cockroaches (D:2)
  11 goblins
  8 hobgoblins
  9 jackals
  3 quokkas
  10 bats
  3 frilled lizards (D:2)
  23 kobolds
  A quokka zombie (D:6)
  17 rats
396 creatures vanquished.

Vanquished Creatures (others)
  An orc wizard (Orc:1)
  5 fungi
  2 plants
8 creatures vanquished.

Grand Total: 404 creatures vanquished

Notes
Turn   | Place    | Note
-------+----------+-------------------------------------------
     0 | D:1      | schauveau the Gargoyle Fighter began the quest for the Orb.
     0 | D:1      | Reached XP level 1. HP: 14/14 MP: 1/1
   135 | D:1      | Reached XP level 2. HP: 14/19 MP: 2/2
   379 | D:1      | Reached XP level 3. HP: 22/24 MP: 3/3
   897 | D:1      | Found a burning altar of Makhleb.
  1096 | D:3      | Found a basalt altar of Yredelemnul.
  1277 | D:2      | Reached XP level 4. HP: 29/29 MP: 4/4
  1331 | D:2      | Found a runed door.
  1397 | D:2      | Noticed Crazy Yiuf
  1403 | D:2      | Killed Crazy Yiuf
  1403 | D:2      | Reached skill level 3 in Maces & Flails
  2041 | D:3      | Found a shattered altar of Ashenzari.
  2044 | D:3      | Found an ancient bone altar of Kikubaaqudgha.
  2082 | D:4      | Found Ciedek's Armour Emporium.
  2084 | D:4      | Bought a +0 pair of gloves for 49 gold pieces
  2094 | D:5      | Entered Level 5 of the Dungeon
  2139 | D:3      | Reached XP level 5. HP: 27/34 MP: 5/5
  2278 | D:6      | Noticed a phantom
  2429 | D:5      | Found Siduoghy's General Store.
  2446 | D:5      | Reached skill level 4 in Maces & Flails
  2451 | D:5      | Bought a potion of curing for 45 gold pieces
  2491 | D:5      | Got a topaz-encrusted ring mail
  2616 | D:5      | Reached XP level 6. HP: 39/39 MP: 6/6
  2854 | D:4      | Found a sacrificial altar of Ru.
  3112 | D:6      | Killed a phantom
  3112 | D:6      | Reached skill level 5 in Maces & Flails
  3112 | D:6      | Reached skill level 5 in Shields
  3126 | D:6      | Found a staircase to the Ecumenical Temple.
  3136 | Temple   | Entered the Ecumenical Temple
  3451 | D:4      | Bought a +0 helmet for 49 gold pieces
  3471 | D:4      | Reached XP level 7. HP: 44/44 MP: 7/7
  3650 | D:3      | Found a burning altar of Makhleb.
  3684 | D:3      | Became a worshipper of Makhleb the Destroyer
  3731 | D:3      | Found a hide-covered altar of Uskayaw.
  3731 | D:3      | Found a faded altar of an unknown god.
  3748 | D:3      | Found a stormy altar of Qazlal.
  3755 | D:3      | Found an iron altar of Okawaru.
  3768 | D:3      | Found a shadowy altar of Dithmenos.
  4106 | D:4      | Reached skill level 6 in Maces & Flails
  4720 | D:6      | Gained mutation: You are partially covered in molten scales. (AC +2) [potion of beneficial mutation]
  4745 | D:7      | Noticed a troll
  4794 | D:7      | Killed a troll
  4794 | D:7      | Reached skill level 7 in Maces & Flails
  4794 | D:7      | Reached XP level 8. HP: 36/48 MP: 8/8
  5576 | D:7      | Reached skill level 8 in Maces & Flails
  6115 | D:7      | Reached * piety under Makhleb
  6210 | D:7      | Reached skill level 9 in Maces & Flails
  6210 | D:7      | Reached XP level 9. HP: 16/52 MP: 3/9
  6257 | D:7      | You fall through a shaft for 2 floors!
  6568 | D:10     | Entered Level 10 of the Dungeon
  6676 | D:8      | Identified the +1 ring mail of Valiance {rPois rF+} (You found it on level 5 of the Dungeon)
  7099 | D:8      | Found a snail-covered altar of Cheibriados.
  7209 | D:8      | Reached ** piety under Makhleb
  7209 | D:8      | Reached skill level 10 in Maces & Flails
  7380 | D:8      | Found an opulent altar of Gozag.
  7380 | D:8      | Found a glowing silver altar of Zin.
  8255 | D:9      | Reached skill level 11 in Maces & Flails
  8255 | D:9      | Reached XP level 10. HP: 58/58 MP: 10/10
  8464 | D:9      | Gained mutation: You are agile. (Dex +2) [potion of beneficial mutation]
  8635 | D:10     | Noticed Sonja
  8853 | D:10     | Reached *** piety under Makhleb
  8853 | D:10     | Reached skill level 5 in Fighting
  8868 | D:10     | Noticed Josephine
  9359 | D:11     | Found a staircase to the Lair.
  9374 | Lair:1   | Entered Level 1 of the Lair of Beasts
  9839 | Lair:1   | Reached skill level 5 in Armour
  9858 | Lair:2   | Noticed Prince Ribbit
  9860 | Lair:2   | Noticed Harold
 10000 | Lair:1   | Reached skill level 12 in Maces & Flails
 10000 | Lair:1   | Reached skill level 10 in Shields
 10156 | Lair:2   | Reached XP level 11. HP: 66/66 MP: 11/11
 10161 | Lair:2   | Found a staircase to the Shoals.
 10162 | Lair:2   | Noticed a manticore
 10188 | Lair:2   | Killed a manticore
 10362 | Lair:2   | Killed Harold
 10366 | Lair:2   | Reached **** piety under Makhleb
 10682 | Lair:2   | Killed Prince Ribbit
 10814 | Lair:2   | Noticed Urug
 10837 | Lair:2   | Killed Urug
 10948 | Lair:3   | Noticed a five-headed hydra
 11461 | Lair:1   | Reached skill level 13 in Maces & Flails
 11486 | Lair:1   | Noticed an oklob plant
 11918 | D:11     | Noticed a seven-headed hydra
 12072 | D:11     | Found a staircase to the Orcish Mines.
 12085 | Orc:1    | Entered Level 1 of the Orcish Mines
 12379 | Orc:1    | Reached skill level 1 in Dodging
 12631 | Orc:2    | Entered Level 2 of the Orcish Mines
 12675 | Orc:2    | Noticed an orc knight
 12685 | Orc:2    | Noticed an orc sorcerer
 12780 | Orc:1    | Killed an orc knight
 12780 | Orc:1    | Reached skill level 1 in Invocations
 12780 | Orc:1    | Reached XP level 12. HP: 71/73 MP: 12/12
 13074 | Orc:2    | Noticed an orc warlord
 13075 | Orc:2    | Noticed Erolcha
 13092 | Orc:2    | Found a staircase to the Elven Halls.
 13208 | Orc:1    | Reached ***** piety under Makhleb
 13626 | Lair:2   | Killed a five-headed hydra
 14106 | Lair:3   | Found a staircase to the Snake Pit.
 14308 | Lair:3   | Noticed an eight-headed hydra
 14317 | Lair:3   | Killed an eight-headed hydra
 14317 | Lair:3   | Reached skill level 14 in Maces & Flails
 14491 | Lair:4   | Identified the Handbook of Cold and Boosts
 14507 | Lair:4   | Noticed an eight-headed hydra
 14525 | Lair:4   | Killed an eight-headed hydra
 14841 | Lair:4   | Reached XP level 13. HP: 80/80 MP: 16/16
 15621 | Lair:5   | Found a viscous altar of Jiyva.
 15623 | Lair:5   | Found a staircase to the Slime Pits.
 15787 | Lair:5   | Reached skill level 5 in Invocations
 16231 | Lair:5   | Noticed an acid blob
 16241 | Lair:5   | Splashed by an acid blob's acid

Skill      XL: |  1  2  3  4  5  6  7  8  9 10 11 12 13 |
---------------+----------------------------------------+-----
Fighting       | 4 6 8 9 |  9.4
Maces & Flails | 3 4 5 7 9 11 12 13 14 | 14.5
Shields        | 4 5 6 7 9 10 11 | 11.8
Armour         | 5 7 8 |  8.9
Dodging        | 1 3 |  3.1
Invocations    | 1 4 5 |  5.0

Action                   |  1- 3 |  4- 6 |  7- 9 | 10-12 | 13-15 || total
-------------------------+-------+-------+-------+-------+-------++-------
Melee: Flail             |   146 |   222 |   674 |   846 |       ||  1888
       Whip              |       |       |       |   158 |       ||   158
       Morningstar       |       |       |       |   351 |   182 ||   533
  Use: Scroll            |       |     4 |     6 |    11 |     2 ||    23
       Potion            |       |     1 |     7 |     7 |     1 ||    16
  Eat: Chunk             |     2 |     1 |    10 |    22 |     4 ||    39
       Bread ration      |       |     1 |     1 |     1 |       ||     3
       Pizza             |       |     1 |       |       |       ||     1
       Beef jerky        |       |       |     1 |     1 |       ||     2
       Royal jelly       |       |       |       |     1 |       ||     1
Armor: Scale mail        |    99 |    72 |       |       |       ||   171
       Chain mail        |       |    76 |   391 |       |       ||   467
       Plate armour      |       |       |    63 |   906 |    99 ||  1068
Dodge: Dodged            |    94 |   116 |   166 |   286 |    31 ||   693
Block: Buckler           |    24 |    60 |   105 |       |       ||   189
       Shield            |       |       |   183 |   928 |   123 ||  1234
